[Event "*** Titled Tuesday Blitz"]
[Site "Chess.com"]
[Date "2020.04.07"]
[Round "4"]
[White "AnishGiri"]
[Black "Volodar_Murzin"]
[Result "1-0"]
[WhiteElo "2945"]
[BlackElo "2683"]
[TimeControl "180+1"]
[EndTime "13:41:00 PDT"]
[Termination "AnishGiri won on time"]

1. d4 Nf6 2. c4 g6 3. Nc3 Bg7 4. e4 d6 5. Nf3 O-O 6. Be2 e5 7.
O-O Nc6 8. d5 Ne7 9. b4 a5 10.
bxa5 Rxa5 11. a4 b6 12. Nd2 Nd7 13. Nb3 Ra8 14. a5 f5 15. axb6 Nxb6 16. Rxa8 Nxa8 17.
c5 fxe4 18. Nxe4 dxc5 19. d6 cxd6 20. Nxd6 Be6 21. Bg5 Nc7 22. Nxc5 Bd5 23. Nb5 Bf6 24. Bh6 Rf7 25. Nc3 Bg7 26. Bg5 Bf6 27. Bh6 Bg7 28. Bc1 Qa8 29. Nxd5 Nexd5 30. Bc4 Kh8 31. Ne4 Rd7 32. Qg4 Rd8 33. Ng5 Rf8 34. Qh3 h6 35. Nf3 Nf4 36. Bxf4 exf4 37. Nh4 Qc6 38. Bd3 Rf6 39.
Qc8+ Kh7 40. Nf3 Ne6 41. Qxc6 Nd4 42. Nxd4 1-0

[Event "*** Titled Tuesday Blitz"]
[Site "Chess.com"]
[Date "2020.04.07"]
[Round "4"]
[White "chessdjw"]
[Black "steepedgames"]
[Result "1/2-1/2"]
[WhiteElo "2646"]
[BlackElo "2439"]
[TimeControl "180+1"]
[EndTime "13:41:00 PDT"]
[Termination "Game drawn by repetition"]

1. e4 e6 2. d4 d5 3. Nc3 Nf6 4. exd5 exd5 5. Bd3 Bd6 6. Nge2 O-O 7. O-O c6 8. h3 b5 9. a3 a5 10. Bf4 Ba6 11.
Re1 Re8 12. Qd2 b4 13. Na4 Bxd3 14. cxd3 Na6 15. Ng3 Rxe1+ 16. Rxe1 bxa3 17. bxa3 Bxa3 18. Re3 c5 19. Be5 cxd4 20. Bxd4 Rc8 21. Rf3 Bc1 22.
Qe2 Qe8 23. Bxf6 Qxe2 24. Nxe2 gxf6 25. Rxf6 Nc5 26. Nb6 Re8 27. Nxc1 Re1+ 28. Kh2 Rxc1 29. Nxd5 Nxd3 30. Ra6 Ra1 31. g4 a4 32. g5 Nxf2 33.
Kg3 Ne4+ 34. Kf4 Nc5 35. Ra8+ Kg7 36. h4 Ne6+ 37. Kg4 h6 38. Nf6 hxg5 39. Nh5+ Kh7 40. hxg5 Rg1+ 41. Kh4 Rxg5 42. Rxa4 Rg6 43. Nf4 Nxf4 44.
Rxf4 Kg7 45. Kh5 Rh6+ 46. Kg5 Rg6+ 47. Kh5 Rh6+ 48. Kg5 Rg6+ 49. Kh5 1/2-1/2

[Event "*** Titled Tuesday Blitz"]
[Site "Chess.com"]
[Date "2020.04.07"]
[Round "4"]
[White "rynos0411"]
[Black "Taron_Shagbazyan"]
[Result "1-0"]
[WhiteElo "2383"]
[BlackElo "2668"]
[TimeControl "180+1"]
[EndTime "13:41:00 PDT"]
[Termination "rynos0411 won by checkmate"]

1. d4 Nf6 2. c4 e6 3. Nc3 Bb4 4. e3 d5 5. cxd5 exd5 6. Nf3 O-O 7. Bd3 c6 8. O-O Bg4 9. h3 Bh5 10. a3 Bd6 11. Re1 Nbd7 12. b4 Re8 13. Be2 Ne4 14.
Nxe4 dxe4 15. Nd2 Bg6 16. Bb2 Qh4 17. Nc4 Bc7 18. d5 cxd5 19. Qxd5 Nf6 20. Qxb7 Rac8 21. Rac1 Bf5 22. Na5 Bb6 23. Rxc8 Bxc8 24. Qc6 Rd8 25. Nc4 Bd7 26. Qb7 Bc8 27. Bxf6 Qxf6 28. Qxe4 Bc7 29. Rd1 Rf8 30. Qd4 Qg5 31. Kh1 h6 32. Qe4 Bf5 33. Qd5 Qf6 34. Na5 Be6 35. Qf3 Qb2 36. Nc6 Qxa3 37.
Ne7+ Kh7 38. Qe4+ Kh8 39. Bd3 f5 40. Qxe6 Qxb4 41. Ng6+ Kh7 42. Nxf8+ Qxf8 43. Qxf5+ Kh8 44. Qh7# 1-0

[Event "*** Titled Tuesday Blitz"]
[Site "Chess.com"]
[Date "2020.04.07"]
[Round "4"]
[White "MusicCityMaster"]
[Black "AlleyOoper"]
[Result "0-1"]
[WhiteElo "2321"]
[BlackElo "2494"]
[TimeControl "180+1"]
[EndTime "13:41:00 PDT"]
[Termination "AlleyOoper won by resignation"]

1. e4 c6 2. d4 d5 3. Nc3 dxe4 4. Nxe4 Nf6 5. Nxf6+ exf6 6. Bc4 Bd6 7. Ne2 O-O 8.
O-O Nd7 9. Bf4 Nb6 10. Bd3 Bg4 11. f3 Bxf4 12. fxg4 Bc7 13. c3 Nd5 14. Rf3 Qd6 15.
Rh3 g6 16. Qd2 Nf4 17. Nxf4 Qxf4 18. Qxf4 Bxf4 19. Rf1 Bg5 20. Rhf3 Rae8 21. g3 Re3 22. h4 Rxf3 23. Rxf3 Bc1 24. b3 Kg7 25. Kf2 Re8 26. Bf1 Bd2 27. Rd3 Be1+ 28. Kf3 b5 29. c4 b4 30. d5 cxd5 31. cxd5 Bc3 32.
d6 Rd8 33. Rd5 Be5 34. d7 Kf8 35. Ba6 Ke7 36. Bc8 Ke6 37. Rb5 Bd6 38. Ke4 Bxg3 39.
h5 Bd6 40. Ra5 Bc7 41. Rxa7 f5+ 42. gxf5+ gxf5+ 43. Kf3 Bd6 44. Ra6 Ke5 45. Ra5+ Ke6 46.
Ra6 h6 47. Rb6 Ke5 48. Rxb4 Bxb4 0-1

[Event "*** Titled Tuesday Blitz"]
[Site "Chess.com"]
[Date "2020.04.07"]
[Round "4"]
[White "ChadBiryani"]
[Black "cukin84"]
[Result "1-0"]
[WhiteElo "2397"]
[BlackElo "2111"]
[TimeControl "180+1"]
[EndTime "13:41:00 PDT"]
[Termination "ChadBiryani won by checkmate"]

1. d4 f5 2. Bg5 h6 3. Bh4 g5 4. Bg3 Nf6 5. e3 d6 6. Bd3 Bg7 7. Nd2 c6 8. c3 O-O 9. Ne2 b5 10. Qc2 e6 11. a4 bxa4 12. Rxa4 Qe7 13. O-O Nbd7 14. f3 Nb6 15. Ra5 Nbd5 16. Bf2 e5 17. Ng3 f4 18. exf4 gxf4 19. Nf5 Bxf5 20. Bxf5 Kh8 21.
Re1 Nd7 22. Be4 N7b6 23. dxe5 Bxe5 24. Kh1 Qg5 25. Rg1 Rg8 26. b3 Ne3 27. Bxe3 fxe3 28. Nc4 Nxc4 29. bxc4 Bxh2 30. Rxg5 Rxg5 31. Kxh2 Rh5+ 32.
Kg3 Rg8+ 33. Kf4 d5 34. cxd5 cxd5 35. Bxd5 Rxd5 36. Kxe3 Re8+ 37. Kf2 Red8 38. Qe4 Rd2+ 39. Kg3 Rg8+ 40. Kh2 Rg7 41. Qe8+ Kh7 42. Qe4+ Kh8 43. Kh3 Ra2 44. Qe8+ Kh7 45. Qe4+ Kh8 46. Qe8+ Kh7 47. g3 Ra5 48. Qe4+ Kh8 49. g4 h5 50. g5 h4 51. f4 Rc5 52. c4 Ra5 53.
Kxh4 Ra2 54. Kg4 Kg8 55. Qe8+ Kh7 56. Rh1+ Rh2 57. Rxh2# 1-0

[Event "*** Titled Tuesday Blitz"]
[Site "Chess.com"]
[Date "2020.04.07"]
[Round "4"]
[White "VitaliyBernadskiy"]
[Black "Jospem"]
[Result "0-1"]
[WhiteElo "2733"]
[BlackElo "2919"]
[TimeControl "180+1"]
[EndTime "13:41:01 PDT"]
[Termination "Jospem won by resignation"]

1. e4 e5 2. Nf3 Nc6 3. Bb5 a6 4. Ba4 Nf6 5. O-O Nxe4 6. d4 Be7 7. Re1 b5 8. Rxe4 d5 9. Nxe5 Nxe5 10. Rxe5 bxa4 11. b3 O-O 12. Rxe7 Qxe7 13. Ba3 Qe8 14. Bxf8 Qxf8 15. Nc3 axb3 16. axb3 Qd6 17. Qd3 g6 18. Qf3 c6 19. Na4 Bf5 20. Qc3 a5 21. Nc5 Qd8 22.
Re1 h5 23. f3 Qb6 24. Qd2 Qc7 25. c3 Rf8 26. g3 Kg7 27. Kg2 f6 28. Re3 Rf7 29.
Qe2 g5 30. Re8 Qd6 31. Qe3 Kh7 32. Qe2 h4 33. g4 Bg6 34. Re6 Qc7 35. h3 Qg3+ 36.
Kf1 Qxh3+ 37. Ke1 Qg3+ 38. Kd1 h3 39. Qf1 f5 40. Nd7 Rxd7 0-1

[Event "*** Titled Tuesday Blitz"]
[Site "Chess.com"]
[Date "2020.04.07"]
[Round "4"]
[White "Atanejhad"]
[Black "BvsN"]
[Result "1-0"]
[WhiteElo "2530"]
[BlackElo "2300"]
[TimeControl "180+1"]
[EndTime "13:41:01 PDT"]
[Termination "Atanejhad won on time"]

1. e4 c5 2. Nf3 e6 3. d4 cxd4 4. Nxd4 Nf6 5. Bd3 Nc6 6. Be3 d5 7. Nd2 e5 8. N4b3 h6 9. c3 Be7 10. O-O O-O 11. h3 Be6 12. Re1 Rc8 13. Qe2 dxe4 14. Nxe4 Nd5 15. Rad1 Nxe3 16. Qxe3 b6 17. Ng3 Qc7 18. Bf5 Bxf5 19. Nxf5 Bf6 20. Rd6 Bg5 21. Qg3 g6 22. Red1 Bf4 23. Qg4 h5 24. Qf3 Ne7 25. Rd7 Nxf5 26. Rxc7 Rxc7 27. g3 Bh6 28. Re1 Bg7 29.
g4 hxg4 30. hxg4 Ne7 31. Rd1 Nc6 32. Nd2 Rd8 33. Ne4 1-0

[Event "*** Titled Tuesday Blitz"]
[Site "Chess.com"]
[Date "2020.04.07"]
[Round "4"]
[White "GOGIEFF"]
[Black "BobanBogosavljevic"]
[Result "1/2-1/2"]
[WhiteElo "2944"]
[BlackElo "2765"]
[TimeControl "180+1"]
[EndTime "13:41:02 PDT"]
[Termination "Game drawn by agreement"]

1. d4 d5 2. c4 c6 3. cxd5 cxd5 4. Bf4 Nf6 5. e3 Nc6 6. Nc3 a6 7. Be2 Bf5 8. g4 Bg6 9. h4 h5 10. g5 Ne4 11. Nxe4 Bxe4 12. Nf3 e6 13. O-O Bd6 14.
Ne5 Nxe5 15. dxe5 Be7 16. Rc1 g6 17. Qb3 b5 18. Rfd1 Qb6 19. Qc3 O-O 20. Qc7 Bd8 21.
Qxb6 Bxb6 22. Rc6 Rab8 23. f3 Bf5 24. Kg2 Rfc8 25. Rdc1 Rxc6 26. Rxc6 Bb1 27. a3 Kf8 28. b3 Ke7 29. Kf2 Kd7 30. Rd6+ Ke7 31. Rc6 Kd7 32. Rd6+ Ke7 33. Bg3 Bc2 34. b4 Bb3 35. f4 Bc4 36. Kf3 a5 37. Be1 a4 38. Bc3 Bxe2+ 39. Kxe2 Bc7 40. Ra6 Rb6 41. Ra7 Kd7 42. Bd4 Rc6 43.
Bc5 Kc8 44. Bd6 Kb8 45. Rxc7 Rxc7 46. Kd3 Kb7 47. Bxc7 Kxc7 48. Kd4 Kc6 49. Kd3 Kb6 50. Kd4 Kc6 51. Kd3 Kb6 52. Kd4 1/2-1/2

[Event "*** Titled Tuesday Blitz"]
[Site "Chess.com"]
[Date "2020.04.07"]
[Round "4"]
[White "1g41-0"]
[Black "attack2mateU"]
[Result "0-1"]
[WhiteElo "2498"]
[BlackElo "2677"]
[TimeControl "180+1"]
[EndTime "13:41:02 PDT"]
[Termination "attack2mateU won by resignation"]

1. d4 Nf6 2. c4 g6 3. Nc3 d5 4. cxd5 Nxd5 5. e4 Nxc3 6. bxc3 Bg7 7. Nf3 c5 8. Rb1 O-O 9. Be2 Nc6 10. d5 Ne5 11.
Nxe5 Bxe5 12. Qd2 e6 13. f4 Bc7 14. O-O exd5 15. exd5 Ba5 16. Bb2 Re8 17. Bf3 Qd6 18.
Rbe1 Bd7 19. g3 c4 20. Kg2 b5 21. Qc1 Rac8 22. Ba3 Qf6 23. Bb2 Bb6 24. Qd2 Bc5 25.
Bc1 a5 26. Rxe8+ Rxe8 27. Re1 Rxe1 28. Qxe1 b4 29. cxb4 axb4 30. Be3 Qb2+ 31. Kg1 Bxe3+ 32. Qxe3 c3 33. Qe5 Qb1+ 34. Kg2 Qxa2+ 35. Kg1 Qb1+ 36. Kg2 Qc2+ 37. Kg1 Qc1+ 38. Kg2 Qd2+ 39. Kg1 h5 40. Qb8+ Kh7 41. Qf8 Qd4+ 42. Kg2 c2 43. Qxf7+ Qg7 0-1

[Event "*** Titled Tuesday Blitz"]
[Site "Chess.com"]
[Date "2020.04.07"]
[Round "4"]
[White "MilanovicDan"]
[Black "Grandmaster2B"]
[Result "1-0"]
[WhiteElo "2371"]
[BlackElo "2544"]
[TimeControl "180+1"]
[EndTime "13:41:02 PDT"]
[Termination "MilanovicDan won by resignation"]

1. d4 Nf6 2. c4 e6 3. Nc3 Bb4 4. e3 b6 5. Bd3 O-O 6. Ne2 d5 7.
cxd5 exd5 8. O-O Bg4 9. f3 Bh5 10. Nf4 Bg6 11. Nxg6 hxg6 12. Bd2 Nbd7 13. Qe1 Re8 14.
Qf2 c6 15. Rad1 Nf8 16. Bb1 Ne6 17. h3 Bf8 18. Bc1 Rc8 19. e4 c5 20. e5 cxd4 21.
Nb5 Nd7 22. f4 a6 23. Nd6 Bxd6 24. exd6 Nf6 25. f5 gxf5 26. Bxf5 Qxd6 27. Qh4 Kf8 28. Bxe6 Qxe6 29. Rde1 Ne4 30. Qh8+ Ke7 31. Qxg7 Rg8 32. Qxd4 Rc2 33. Qb4+ Kd8 34. Bd2 Qg6 35. Re2 Ng3 36.
Bg5+ Kc8 37. Rxc2+ Qxc2 38. Qg4+ f5 39. Qxg3 d4 40.
Qf4 d3 41. Rc1 Kb7 42. Rxc2 dxc2 43. Qf3+ Ka7 44. Bc1 Rd8 45. Kh2 Rd1 46. Qf4 a5 47. h4 1-0

[Event "*** Titled Tuesday Blitz"]
[Site "Chess.com"]
[Date "2020.04.07"]
[Round "4"]
[White "wnstop"]
[Black "Sajkochess"]
[Result "1-0"]
[WhiteElo "2581"]
[BlackElo "2352"]
[TimeControl "180+1"]
[EndTime "13:41:02 PDT"]
[Termination "wnstop won by resignation"]

1. d4 Nf6 2. c4 e6 3. Nc3 Bb4 4. e3 O-O 5. Bd2 d5 6. cxd5 exd5 7.
Rc1 c6 8. Nf3 Re8 9. Bd3 Bg4 10.
h3 Bh5 11. O-O Bd6 12. Be2 Nbd7 13. Qb3 Qb6 14. Qxb6 axb6 15. Nh4 Bxe2 16. Nxe2 g6 17. a3 Ne4 18. Nf3 b5 19. Nc3 Nb6 20. Nxe4 dxe4 21. Ne1 Nc4 22. Bc3 b4 23. Bxb4 Bxb4 24. Rxc4 Bd6 25. Nc2 Ra5 26. Na1 Rb5 27. b4 Ra8 28. Nc2 Ra4 29. Rc3 Rb6 30. Rb1 Rba6 31. f3 exf3 32.
gxf3 b5 33. e4 Kf8 34. Kf2 Ke7 35. Ke3 Kd7 36. e5 Be7 37. Ke4 f5+ 38. exf6 Bxf6 39. h4 Ra8 40. h5 Re8+ 41. Kd3 Bg5 42. hxg6 hxg6 43. Rg1 Bf6 44. Rxg6 Re6 45. Ne3 Rd6 46. Nf5 Re6 47. Rh6 Bxd4 48. Rh7+ Ke8 49. Nxd4 1-0

[Event "*** Titled Tuesday Blitz"]
[Site "Chess.com"]
[Date "2020.04.07"]
[Round "4"]
[White "MisaPap"]
[Black "thedjoker98"]
[Result "0-1"]
[WhiteElo "2651"]
[BlackElo "2479"]
[TimeControl "180+1"]
[EndTime "13:41:03 PDT"]
[Termination "thedjoker98 won on time"]

1. e4 e5 2. Nf3 Nc6 3. Bc4 Bc5 4. b4 Bxb4 5. c3 Ba5 6. d4 d6 7. dxe5 dxe5 8. Qb3 Qf6 9. O-O Nge7 10. Bg5 Qg6 11.
Bxe7 Kxe7 12. Bd5 Bb6 13. Nbd2 Bh3 14. Nh4 Qh5 15. Ndf3 Be6 16. Qa3+ Kf6 17. h3 g5 18.
Bxe6 fxe6 19. g4 Qh6 20. Kh2 Qf8 21. Qc1 gxh4 22. Nxh4 h6 23. f4 Kg7 24. fxe5 Qc5 25. Nf3 Nxe5 26. Nd4 Rae8 27. Qf4 Rhf8 28. Qxf8+ Qxf8 29. Rxf8 Kxf8 30. Rf1+ Kg7 31. Kg3 Ng6 32. h4 Bxd4 33.
cxd4 Rd8 34. h5 Ne7 35. Rd1 Nc6 36. d5 exd5 37. exd5 Ne7 38. Rb1 b6 0-1

[Event "*** Titled Tuesday Blitz"]
[Site "Chess.com"]
[Date "2020.04.07"]
[Round "4"]
[White "Jbd735"]
[Black "Hangar-18"]
[Result "0-1"]
[WhiteElo "2449"]
[BlackElo "2348"]
[TimeControl "180+1"]
[EndTime "13:41:04 PDT"]
[Termination "Hangar-18 won on time"]

1. e4 e6 2. d4 c5 3. Nf3 cxd4 4.
Nxd4 Nc6 5. Nc3 Qc7 6. Be3 a6 7. Bd3 Nf6 8. O-O h5 9. h3 Be7 10. Qe2 b5 11. Nxc6 Qxc6 12. a3 Bb7 13. Rad1 Kf8 14.
f4 b4 15. axb4 Bxb4 16. e5 Bxc3 17. bxc3 Nd5 18. Bd4 Nxc3 19. Bxc3 Qxc3 20. f5 Kg8 21. Rf2 exf5 22. Rxf5 Re8 23. Rdf1 Bd5 24. Qe3 Qc6 25.
Rg5 h4 26. Qf4 Rh6 27. Qg4 Qc5+ 28. Kh1 Qf8 29. Qxd7 Rd8 30. Qa7 Qb4 31. Qe3 Qe7 32. Rgf5 Rg6 33. R5f2 Rg3 34. Qf4 Re8 35. Kh2 Qxe5 36.
Qxe5 Rxe5 0-1

[Event "*** Titled Tuesday Blitz"]
[Site "Chess.com"]
[Date "2020.04.07"]
[Round "4"]
[White "josiwales"]
[Black "kleinebeer98"]
[Result "0-1"]
[WhiteElo "2522"]
[BlackElo "2718"]
[TimeControl "180+1"]
[EndTime "13:41:05 PDT"]
[Termination "kleinebeer98 won on time"]

1. e4 e5 2. Nf3 Nc6 3. Bc4 Nf6 4.
d3 h6 5. O-O d6 6. c3 g5 7. a4 g4 8. Ne1 h5 9. Bg5 h4 10. f4 Bh6 11. Nc2 exf4 12. Bxh6 Rxh6 13. Rxf4 Ne5 14. Bb3 h3 15. g3 Nf3+ 16. Kh1 Qe7 17. Nd2 Ne5 18. Qe2 Be6 19. Bxe6 fxe6 20. Raf1 O-O-O 21. d4 Ned7 22. Ne3 e5 23. Nf5 Qf8 24. R4f2 Rh7 25. a5 a6 26. Qc4 Kb8 27. Ne3 exd4 28. cxd4 Qe7 29. Nf5 Qe8 30. Qd3 Qg6 31. Nh4 Qh5 32.
Rxf6 Nxf6 33. Rxf6 Qxa5 34. e5 Re7 35. Nf5 Ree8 36. e6 d5 37. e7 Rd7 38. Qe2 Qb4 39. Rf8 Rxf8 40. e8=Q+ Rd8 0-1

[Event "*** Titled Tuesday Blitz"]
[Site "Chess.com"]
[Date "2020.04.07"]
[Round "4"]
[White "ShadyH9"]
[Black "vaps"]
[Result "1-0"]
[WhiteElo "2288"]
[BlackElo "1979"]
[TimeControl "180+1"]
[EndTime "13:41:05 PDT"]
[Termination "ShadyH9 won on time"]

1. d4 Nf6 2. Nf3 e6 3. g3 d5 4. Bg2 Be7 5. c4 O-O 6. Nc3 c6 7. O-O Nbd7 8. Qd3 b6 9. Rd1 Ba6 10. b3 Rc8 11. e4 dxc4 12. bxc4 b5 13. c5 Qa5 14. Qc2 b4 15. Ne2 b3 16. Qb2 Nxe4 17.
axb3 Qb5 18. Bf1 Ndxc5 19. Nc3 Qxb3 20. Nxe4 Qxb2 21. Bxb2 Bxf1 22. Nxc5 Be2 23. Ne5 Bxd1 24. Rxd1 f6 25. Nc4 Bxc5 26. dxc5 e5 27. Ra1 Rb8 28.
Bc3 Rb3 29. Bd2 Rfb8 30. Rxa7 R8b7 31. Ra8+ Rb8 32. Rxb8+ Rxb8 33. Na5 Kf7 34. Nxc6 Rc8 35. Nb4 Rxc5 36. Kf1 Rc4 37. Ke2 Ke6 38. h3 1-0

[Event "*** Titled Tuesday Blitz"]
[Site "Chess.com"]
[Date "2020.04.07"]
[Round "4"]
[White "Vyacheslav_N"]
[Black "LivajaM"]
[Result "0-1"]
[WhiteElo "2448"]
[BlackElo "2319"]
[TimeControl "180+1"]
[EndTime "13:41:06 PDT"]
[Termination "LivajaM won on time"]

1. e4 c5 2. Nf3 Nc6 3. d4 cxd4 4. Nxd4 Qc7 5. c4 e6 6. Nc3 d6 7. Be3 a6 8. Qd2 Nf6 9. Be2 Be7 10. O-O O-O 11.
Rac1 Qa5 12. f3 Re8 13. Rfd1 Bd7 14. a3 Rac8 15. Nc2 Ne5 16. b4 Qc7 17. Nd4 Nxc4 18. Bxc4 Qxc4 19. Nd5 exd5 20. Rxc4 dxc4 21. Rc1 Bf8 22.
Ne2 b5 23. Nc3 Bc6 24. Rd1 Rcd8 25. Bd4 Be7 26. Re1 Nd7 27. f4 Bf6 28. Bxf6 Nxf6 29. Qd4 Bb7 30. h3 h6 31. g4 Rd7 32. g5 hxg5 33.
fxg5 Nh5 34. Qf2 Re5 35. h4 Rde7 36. Rd1 Bxe4 37. Rxd6 Bd3 38. Kh2 Kh7 39. Qf3 Bg6 40. Rd8 Re3 41. Qa8 Bf5 42. Rh8+ Kg6 43. Qc6+ R7e6 0-1

[Event "*** Titled Tuesday Blitz"]
[Site "Chess.com"]
[Date "2020.04.07"]
[Round "4"]
[White "Stameny"]
[Black "TheBigBadChessDad"]
[Result "1-0"]
[WhiteElo "2481"]
[BlackElo "2271"]
[TimeControl "180+1"]
[EndTime "13:41:06 PDT"]
[Termination "Stameny won on time"]

1. d4 d5 2. Nf3 Nf6 3. Bg5 Ne4 4. Bf4 c6 5. e3 Bg4 6. c3 e6 7. Be2 Nd7 8. Nbd2 f5 9. h3 Bxf3 10. gxf3 Nxd2 11. Qxd2 Nf6 12. Be5 Bd6 13. Bxf6 Qxf6 14. f4 O-O-O 15. O-O-O Kb8 16. Rdg1 g6 17. h4 c5 18. h5 cxd4 19. cxd4 Rc8+ 20. Kb1 gxh5 21. Rxh5 h6 22. Qd1 Rh7 23. Rgh1 Bf8 24. Rg1 Rhc7 25.
Qb3 Ka8 26. a3 a6 27. Rh2 Qd8 28. Rhg2 Qd6 29. Rg6 Qc6 30. Bd3 Qd7 31. Rg8 Bd6 32.
R8g6 Bf8 33. Be2 Rc6 34. Bd3 Qc7 35. Ka2 b5 36. f3 Ka7 37. Rf6 h5 38. Rgg6 Qe7 39.
Bxf5 h4 40. Rxe6 Rxe6 41. Bxe6 Rc6 42. Qxd5 Qc7 43. Rf6 Be7 44. Rf7 Kb6 45. f5 Qd6 46. Qe4 h3 47. Rh7 h2 48. Qe5 Qxe5 49. dxe5 Rc2 50. f6 Bc5 51. f7 1-0

[Event "*** Titled Tuesday Blitz"]
[Site "Chess.com"]
[Date "2020.04.07"]
[Round "4"]
[White "Zavgorodniy_Serg"]
[Black "BillieKimbah"]
[Result "1-0"]
[WhiteElo "2690"]
[BlackElo "2858"]
[TimeControl "180+1"]
[EndTime "13:41:07 PDT"]
[Termination "Zavgorodniy_Serg won on time"]

1. e4 e5 2. Nf3 Nc6 3. Be2 Nf6 4. d3 Bc5 5. O-O d6 6. c3 a6 7. b4 Ba7 8. Be3 Bxe3 9. fxe3 O-O 10. h3 Ne7 11.
Nbd2 Ng6 12. c4 c6 13. Nh2 Qb6 14. Rxf6 gxf6 15. Ndf1 f5 16. exf5 Bxf5 17. Kh1 d5 18.
Ng3 Be6 19. c5 Qxb4 20. d4 Qc3 21. Nhf1 exd4 22. exd4 Rae8 23. Rc1 Qa3 24. Qd2 Kh8 25. Nh5 f6 26. Rb1 Rf7 27. Rb3 Qa4 28. Bd1 Bd7 29.
Rxb7 Qc4 30. Ne3 Rxe3 31. Qxe3 Qf1+ 32. Kh2 Nf8 33. Bg4 Kg8 34. Rxd7 Nxd7 35. Qe8+ Rf8 36. Qxd7 Rf7 37. Qe8+ Rf8 38. Be6+ 1-0

[Event "*** Titled Tuesday Blitz"]
[Site "Chess.com"]
[Date "2020.04.07"]
[Round "4"]
[White "LastHeroJr"]
[Black "diskeleven"]
[Result "0-1"]
[WhiteElo "2539"]
[BlackElo "2360"]
[TimeControl "180+1"]
[EndTime "13:41:07 PDT"]
[Termination "diskeleven won on time"]

1. e4 c5 2. Nf3 e6 3. d4 cxd4 4. Nxd4 a6 5. Bd3 Nf6 6. O-O Qc7 7.
Qe2 d6 8. c4 Nbd7 9. f4 g6 10.
Nc3 Bg7 11. Be3 O-O 12. Rac1 b6 13. Kh1 Bb7 14. Bb1 Rac8 15. b3 Rfe8 16. Nf3 Ng4 17. Bd2 h5 18. Ng5 f5 19. h3 Ngf6 20. Qf2 Qc6 21. Rce1 Nc5 22. Qg3 a5 23. Nf3 Kf7 24. Nh4 Ng4 25. hxg4 hxg4 26. exf5 gxf5 27. Bxf5 exf5 28.
Nxf5 Rh8+ 29. Kg1 Bxc3 30. Bxc3 Ne4 31. Rxe4 Qc5+ 32. Re3 Qxf5 33. Bxh8 Rxh8 34. Rfe1 Bc6 35. Re7+ Kf8 36. Qc3 Qc5+ 37. Qe3 Qh5 38. Kf2 g3+ 39. Qxg3 Rg8 0-1

[Event "*** Titled Tuesday Blitz"]
[Site "Chess.com"]
[Date "2020.04.07"]
[Round "4"]
[White "ChesterF"]
[Black "GodDMuhammad"]
[Result "1-0"]
[WhiteElo "2489"]
[BlackElo "2316"]
[TimeControl "180+1"]
[EndTime "13:41:07 PDT"]
[Termination "ChesterF won by resignation"]

1. d4 Nf6 2. c4 e6 3. Nc3 d5 4.
cxd5 exd5 5. Bg5 c6 6. e3 Bd6 7. Bd3 Nbd7 8. Qc2 h6 9. Bh4 O-O 10. Nge2 Re8 11. g4 Be7 12. Rg1 Ne4 13. Bxe7 Qxe7 14. Bxe4 dxe4 15. h4 Nf6 16. g5 hxg5 17. hxg5 Nd5 18. g6 fxg6 19. a3 Bf5 20. O-O-O b5 21.
Qb3 Qe6 22. Nxd5 cxd5 23. Nf4 Qd6 24. Qxd5+ Qxd5 25. Nxd5 a5 26. Kd2 Ra7 27. Rc1 b4 28. a4 Rd8 29. Nf4 Ra6 30. Rc7 Rb6 31. Rgc1 Rd7 32.
Rxd7 Bxd7 33. b3 g5 34. Nd5 Rd6 35. Nc7 g4 36. Rc5 Rc6 37. Rxc6 Bxc6 38. d5 Bd7 39. Na6 Kf7 40. Nc5 Bc8 41. Nxe4 Ke7 42. Ng3 Kd6 43. e4 Ke5 44. Ke3 Ba6 45. Ne2 Bxe2 46. Kxe2 g5 47.
Ke3 Kd6 48. Kd4 Ke7 49. e5 Kd7 50. Ke4 Ke7 51. Kf5 g3 52. fxg3 1-0

[Event "*** Titled Tuesday Blitz"]
[Site "Chess.com"]
[Date "2020.04.07"]
[Round "4"]
[White "chabo96"]
[Black "RD4ever"]
[Result "0-1"]
[WhiteElo "2565"]
[BlackElo "2853"]
[TimeControl "180+1"]
[EndTime "13:41:08 PDT"]
[Termination "RD4ever won by checkmate"]

1. e4 c5 2. a3 g6 3. Bc4 Bg7 4. Nc3 Nc6 5. d3 e6 6. Ba2 Nge7 7. h4 h6 8. h5 g5 9. f4 gxf4 10. Bxf4 d5 11. Nf3 d4 12. Ne2 Qb6 13. O-O Bd7 14. Nd2 Ne5 15. Qe1 Rg8 16. Qg3 Bh8 17. Qh2 Ng4 18. Qh4 Bf6 19. Qh3 e5 20. Nc4 Qc7 21. Bd2 Ne3 22. Qf3 Ng4 23. Ng3 O-O-O 24. Nf5 Nxf5 25.
exf5 Bc6 26. Qh3 Ne3 27. Bxe3 Bxg2 28. Qxg2 Qc6 29. Rf2 dxe3 30. Nxe3 Rxg2+ 31. Rxg2 Bg5 32.
Ng4 f6 33. Re1 Rd4 34. Be6+ Kc7 35. Nf2 Qf3 36. Re4 Be3 37. Rxd4 cxd4 38. Kf1 Bxf2 39. Rxf2 Qxh5 40. Rg2 Qd1+ 41. Kf2 Qxc2+ 42. Kg3 Qxd3+ 43.
Kh4 Qe4+ 44. Kh3 Qf3+ 45. Rg3 Qh1+ 46. Kg4 h5# 0-1

[Event "*** Titled Tuesday Blitz"]
[Site "Chess.com"]
[Date "2020.04.07"]
[Round "4"]
[White "Bad4life"]
[Black "Moon_stone123"]
[Result "0-1"]
[WhiteElo "2315"]
[BlackElo "2491"]
[TimeControl "180+1"]
[EndTime "13:41:08 PDT"]
[Termination "Moon_stone123 won on time"]

1. e4 c5 2. Nf3 d6 3. Bb5+ Bd7 4. a4 Nc6 5. O-O g6 6. Re1 Bg7 7. c3 Nf6 8. d4 cxd4 9. cxd4 O-O 10. Nc3 a6 11. Bc4 Rc8 12. h3 Na5 13. Bf1 Be6 14.
Bg5 Bc4 15. e5 Bxf1 16. exf6 exf6 17. Bh4 Bc4 18. Ne4 Bd5 19. Nc3 Be6 20. d5 Bf5 21.
Nd4 Qd7 22. Qf3 Nc4 23. g4 Ne5 24. Qg3 Rc4 25. Rad1 Rxd4 26. Rxd4 Bc2 27. f4 Nd3 28. Rxd3 Bxd3 29. Qxd3 f5 30. Re7 Qc8 31. Kg2 Qc5 32.
gxf5 Qb4 33. f6 Bh6 34. Re4 Qxb2+ 35. Re2 Qb4 36. Bg5 Bxg5 37. fxg5 h6 38. gxh6 Qf4 39. Ne4 Qxh6 40. Nxd6 Qg5+ 41. Qg3 Qxf6 42. Ne4 Qd4 43. d6 Kg7 44. Qf3 f5 45. Qd3 Qxd3 46. Rd2 Qxe4+ 0-1

[Event "*** Titled Tuesday Blitz"]
[Site "Chess.com"]
[Date "2020.04.07"]
[Round "4"]
[White "gmcorrales"]
[Black "HonzaVykouk"]
[Result "0-1"]
[WhiteElo "2808"]
[BlackElo "2635"]
[TimeControl "180+1"]
[EndTime "13:41:09 PDT"]
[Termination "HonzaVykouk won by checkmate"]

1. e4 c5 2. Nf3 d6 3. d4 cxd4 4. Nxd4 Nf6 5. Nc3 a6 6. Be3 e5 7. Nb3 Be6 8. f3 h5 9. Qd2 Nbd7 10. Nd5 Bxd5 11. exd5 g6 12. Na5 Qc7 13. c4 Bg7 14. Be2 O-O 15. O-O Rfe8 16. h3 h4 17. Rac1 Nh5 18.
b4 f5 19. Rfe1 b6 20. Nc6 Ng3 21. f4 e4 22. Bd1 a5 23. a3 axb4 24. axb4 Ra3 25. Bf2 Rea8 26. Re3 Ra2 27. Qe1 Nh5 28. Bxh5 gxh5 29. Bxh4 Kh7 30. Be7 Rg8 31. Qh4 Rxg2+ 32. Kh1 Bh6 33. Qxh5 R8g6 34. Qxf5 Qc8 35. Bg5 Bxg5 36.
Rxe4 Bh4 37. Ne7 Bxe7 38. Rxe7+ Kh6 39. Qf7 Qg8 40. Rxd7 Rg1+ 41. Rxg1 Rxg1+ 42. Kh2 Qg2# 0-1

[Event "*** Titled Tuesday Blitz"]
[Site "Chess.com"]
[Date "2020.04.07"]
[Round "4"]
[White "floplover"]
[Black "JesseFebruary"]
[Result "1-0"]
[WhiteElo "2247"]
[BlackElo "1760"]
[TimeControl "180+1"]
[EndTime "13:41:10 PDT"]
[Termination "floplover won by resignation"]

1. d4 Nf6 2. c4 e6 3. Nc3 d5 4.
Nf3 Be7 5. Bf4 O-O 6. e3 c5 7.
dxc5 Bxc5 8. cxd5 exd5 9. Be2 Nc6 10. Ne5 Nxe5 11. Bxe5 Re8 12. Bxf6 Qxf6 13. Qxd5 Bb4 14.
Rc1 Be6 15. Qb5 Bxc3+ 16. bxc3 a6 17. Qxb7 Reb8 18. Qf3 Qe5 19. c4 Qa5+ 20. Kf1 Qxa2 21. g4 Qb2 22. Kg2 Ra7 23. Rhd1 Qe5 24. c5 a5 25. c6 Rc7 26. Ba6 Qg5 27. Rd4 h5 28. h3 Re8 29. Bb7 g6 30. Qg3 Bd5+ 31. Kh2 hxg4 32. Qxc7 gxh3 33. Rg1 Qh4 34. Qg3 Qxg3+ 35.
Rxg3 Be6 36. Rxh3 Bxh3 37. Kxh3 Re7 38. Rd7 Re8 39. c7 a4 40. Rd8 Kf8 41. Rxe8+ Kxe8 42. c8=Q+ 1-0